 Dungeon Crawl Stone Soup version 0.31-a0-369-g8eba5f6939 (webtiles) character file.

Game seed: 18374129653328531223

602 LeprechaunX the Ruffian (level 7, -3/45 (47) HPs)
             Began as an Octopode Shapeshifter on July 28, 2023.
             Slain by a wight
             ... wielding a +5 great sword
              (17 damage)
             ... on level 5 of the Dungeon.
             The game lasted 00:03:55 (3063 turns).

LeprechaunX the Ruffian (Octopode Shapeshifter)     Turns: 3063, Time: 00:03:57

HP:   -3/45 (47)    AC:  1    Str: 16    XL:     7   Next: 41%
MP:   7/7           EV: 13    Int: 10    God:
Gold: 145           SH:  0    Dex: 13    Spells: 6/6 levels left

rFire   + .          .
                       - Unarmed
rCold   . . .        (no shield)
rNeg    . . .        (helmet currently unavailable)
rPois   .            d - amulet of regeneration
rElec   .            f - ring of protection from fire
rCorr   .            (no ring)
SInv    .            (no ring)
Will    .....        (no ring)
Stlth   ++           (no ring)
HPRegen 1.07/turn    (no ring)
MPRegen 0.10/turn    (no ring)
                     (no ring)

%: no passive effects
@: beast-form, lightly drained
A: beast (slay +3), almost no armour, amphibious, 8 rings, camouflage 1,
gelatinous body 1, (nimble swimmer 1), tentacles
a: Begin Untransformation


You were on level 5 of the Dungeon.
You were a hulking beast.
You visited 1 branch of the dungeon, and saw 5 of its levels.

You collected 145 gold pieces.

Inventory:

Jewellery
 d - an amulet of regeneration (around mantle)
 f - a ring of protection from fire (left tentacle)
 q - an amulet of the acrobat
Talismans
 b - a beast talisman
Wands
 o - a wand of mindburst (14)
Scrolls
 e - a scroll of fear {unknown}
 l - 2 scrolls of blinking {unknown}
 m - a scroll of noise {unknown}
 n - a scroll of fog {unknown}
 p - a scroll of identify {unknown}
 r - a scroll of revelation {unknown}
 u - a scroll of enchant weapon {unknown}
 v - a scroll of teleportation {unknown}
Potions
 a - a potion of lignification
 c - a potion of curing {unknown}
 g - 2 potions of haste {unknown}
 h - a potion of might {unknown}
 i - 2 potions of degeneration {unknown}
 j - a potion of enlightenment {unknown}
 k - a potion of magic {unknown}
 s - a potion of heal wounds {unknown}
 t - 2 potions of invisibility {unknown}


   Skills:
 + Level 3.8 Fighting
 - Level 2.0 Dodging
 * Level 6.2 Unarmed Combat
 + Level 4.4 Shapeshifting


You had 6 spell levels left.
You didn't know any spells.
Your spell library was empty.

Dungeon Overview and Level Annotations

Branches:
Dungeon (5/15)
 Temple: D:4-7

Altars:
Vehumet

Shops:
D:4 [

Annotations:
D:3 exclusion: statue


Innate Abilities, Weirdness & Mutations

You are a hulking beast.
Your limbs bulge with bestial killing power. (Slay +3)
You cannot wear most types of armour.
You are amphibious.
You can wear up to eight rings at the same time.
Your skin changes colour to match your surroundings (Stealth+).
Your rubbery body absorbs attacks. (AC +1, EV +1)
((You are camouflaged when in or above water. (Stealth+)))
You have tentacles for arms and can constrict up to eight enemies at once.


Message History

u - a scroll labelled XISONI MOPPUR You open the door.
There is an open door here.
There is an open door here.
You hear the slow hiss of a very distant avalanche of sand.
A wight comes into view. It is wielding a +3 trident.
A wight comes into view. It is wielding a +5 great sword.
You see here a scroll labelled OZOLUXZAWURR.
v - a scroll labelled OZOLUXZAWURR You swing at nothing.
You swing at nothing.
You swing at nothing.
You barely miss the wight. Your grab misses the wight. You squeeze the wight.
The wight is moderately damaged.
The wight barely misses you.
You tentacle-slap the wight but do no damage.
You grab the wight. You squeeze the wight.
The wight is heavily damaged.
You constrict the wight. The wight barely misses you.
You tentacle-slap the wight.
The wight is severely damaged.
You constrict the wight. The wight barely misses you.
You tentacle-slap the wight. Your squeeze misses the wight.
The wight is almost destroyed.
You constrict the wight.
You destroy the wight!
You bludgeon the wight! Your grab misses the wight. You squeeze the wight.
The wight is heavily damaged.
The wight hits you with a +5 great sword!!
You tentacle-slap the wight. Your grab misses the wight.
The wight is severely damaged.
The wight hits you with a +5 great sword!
* * * LOW HITPOINT WARNING * * *
You feel drained.
You tentacle-slap the wight. You grab the wight.
You squeeze the wight, but do no damage.
The wight is almost destroyed.
You constrict the wight.
The wight hits you with a +5 great sword!
You die...

.#.###.###########
.#.##.............
.#.##.###..#######
.#.##.# ##...#...#
.#.##.# ###.....#
##.##.# ##....##
...##.# ##....##
#####.# #...z.#
... #.# #..h#.#
### #+# #...#...
#...# .... #...#
#.... ##### ....
...


You could see a wight.

Vanquished Creatures
  Eustachio (D:4)
  A phantom (D:4)
  A wight (D:5)
  2 orc priests (D:4)
  2 orc wizards
  3 gnolls (D:3)
  7 adders
  A worm (D:4)
  5 dart slugs
  16 orcs
  10 ball pythons
  9 bats
  5 endoplasms
  4 giant cockroaches
  7 goblins
  9 hobgoblins
  6 kobolds
  3 quokkas
  4 frilled lizards (D:1)
  6 rats
102 creatures vanquished.

Vanquished Creatures (others)
  A goblin (D:2)
1 creature vanquished.

Grand Total: 103 creatures vanquished

Notes
Turn   | Place    | Note
-------+----------+-------------------------------------------
     0 | D:1      | LeprechaunX the Octopode Shapeshifter began the quest for
                  | the Orb.
     0 | D:1      | Reached XP level 1. HP: 13/13 MP: 1/1
   145 | D:1      | Reached XP level 2. HP: 18/18 MP: 2/2
   372 | D:1      | Reached XP level 3. HP: 23/23 MP: 3/3
   683 | D:2      | Found a faded altar of an unknown god.
   730 | D:2      | Reached XP level 4. HP: 26/29 MP: 4/4
   736 | D:2      | Reached skill level 4 in Unarmed Combat
  1273 | D:3      | Found a radiant altar of Vehumet.
  1273 | D:3      | Noticed a frost-covered statue
  1314 | D:3      | Reached XP level 5. HP: 35/35 MP: 5/5
  1750 | D:4      | Noticed Eustachio
  1930 | D:4      | Reached skill level 5 in Unarmed Combat
  1930 | D:4      | Reached XP level 6. HP: 6/41 MP: 6/6
  2510 | D:4      | Killed Eustachio
  2511 | D:4      | Reached skill level 6 in Unarmed Combat
  2511 | D:4      | Reached XP level 7. HP: 42/47 MP: 7/7
  2537 | D:4      | Found Rudod's Armour Shop.
  2978 | D:5      | Entered Level 5 of the Dungeon
  3063 | D:5      | Slain by a wight

Illustrated notes

Levels and vault maps discovered:
D:1:      lightli_arrival_boilingwater, layout_loops_ring
D:2:      layout_rooms, shapermc_ecumenical_altar_mp_urbaneastern,
          minmay_goblin_outpost
D:3:      layout_loops_ring, vehumet_statue
D:4:      layout_cave_pods, serial_rivers, chequers_serial_rivers_micro_e,
          chequers_serial_rivers_small_3, chequers_serial_rivers_small_3,
          chequers_serial_rivers_small_3, chequers_serial_rivers_large_b,
          chequers_serial_rivers_micro_b, serial_shops, shop, uniq_eustachio
D:5:      layout_basic, mainiacjoe_overflow_alcove_2, temple_hall_moat,
          nicolae_ossuary_entry_false_entrances

Skill      XL: |  1  2  3  4  5  6 |
---------------+-------------------+-----
Unarmed Combat | 4 5 6 |  6.2
Fighting       | 2 3 |  3.8
Shapeshifting  | 4 |  4.4
Dodging        | |  2.0

Action                     |  1- 3 |  4- 6 |  7- 9 || total
---------------------------+-------+-------+-------++-------
  Melee: Unarmed           |    61 |   127 |    18 ||   206
         Constrict         |    18 |    35 |     4 ||    57
         Tentacles         |    10 |    24 |     7 ||    41
         Punch             |     3 |     5 |     1 ||     9
   Stab: Sleeping          |     9 |     4 |       ||    13
         Distracted        |       |     1 |       ||     1
 Armour: Skin              |     3 |     8 |       ||    11
  Dodge: Dodged            |    39 |   102 |     8 ||   149

Table legend: (Time is in decaauts)
 A = Elapsed time spent in this place.
 B = Non-inter-level travel time spent in this place.
 C = Inter-level travel time spent in this place.
 D = Time resting spent in this place.
 E = Time spent auto-exploring this place.
 F = Levels seen in this place.
 G = Mean time per level.
                   A        B        C        D        E       F      G
               +--------+--------+--------+--------+--------+-----+--------+
         Total |   3043 |   2920 |    123 |    145 |   2152 |   5 |  608.6 |
       Dungeon |   3043 |   2920 |    123 |    145 |   2152 |   5 |  608.6 |
               +--------+--------+--------+--------+--------+-----+--------+

Top non-repeatable levels by time:
     D:4: 1206 daAuts
     D:3: 651 daAuts
     D:1: 616 daAuts
     D:2: 485 daAuts
     D:5: 83 daAuts
